 Dungeon Crawl Stone Soup version 0.30.1-11-g7821555f0a (webtiles) character file.

Game seed: 11328543207861135601

7194 KittyFluff the Tortoise (level 11, 0/96 HPs)
             Began as a Gargoyle Berserker on Nov 23, 2023.
             Was an Elder of Trog.
             Slain by an ice beast (5 damage)
             ... summoned by Fannar
             ... on level 10 of the Dungeon on Nov 24, 2023.
             The game lasted 00:35:03 (8539 turns).

KittyFluff the Tortoise (Gargoyle Berserker)        Turns: 8539, Time: 00:35:04

Health: 0/96       AC: 31    Str: 26    XL:     11   Next: 11%
Magic:  11/11      EV: 10    Int:  7    God:    Trog [****..]
Gold:   88         SH:  9    Dex: 15    Spells: 10/10 levels left

rFire   + . .        Q - +5 flail (freeze)
rCold   . . .        D - +0 kite shield
rNeg    + . .        H - +0 chain mail
rPois   ∞            h - +2 hat
rElec   +            B - +0 cloak
rCorr   .            (no gloves)
SInv    .            O - +1 pair of boots of Gehenna {Stlth+}
Will    .....        g - amulet of the acrobat Stlth
                     j - ring of the Ancients {rPois rF+ Dex+6 Slay+3}
HPRegen 0.36/turn    w - +4 ring of protection
MPRegen 0.12/turn

%: acrobat
@: berserking, studying Dodging, very quick
A: sickness immunity, AC +8, negative energy resistance 1, electricity
resistance, torment resistance 1, petrification resistance
a: Renounce Religion, Berserk, Trog's Hand, Brothers in Arms


You were on level 10 of the Dungeon.
You worshipped Trog.
Trog was greatly pleased with you.
You visited 1 branch of the dungeon, and saw 10 of its levels.

You collected 510 gold pieces.
You spent 422 gold pieces at shops.

Inventory:

Hand Weapons
 p - a +0 morningstar
 x - a +0 quarterstaff
 C - a +4 quarterstaff of chaos
 N - a +0 sling
 Q - a +5 flail of freezing (weapon)
Missiles
 l - 11 poisoned darts (quivered)
 q - 5 boomerangs
 s - 4 atropa-tipped darts
 y - 2 throwing nets
 z - 3 curare-tipped darts
Armour
 h - a +2 hat (worn)
 B - a +0 cloak (worn)
 D - a +0 kite shield (worn)
 F - a +2 robe of willpower
 H - a +0 chain mail (worn)
 O - the +1 pair of boots of Gehenna (worn) {Stlth+}
   (You bought it in a shop on level 8 of the Dungeon)

   Stlth:     It makes you more stealthy.
 P - a +2 robe of fire resistance
Jewellery
 g - an amulet of the acrobat (around neck)
 j - the ring of the Ancients (left hand) {rPois rF+ Dex+6 Slay+3}
   (You found it on level 2 of the Dungeon)

   [ring of dexterity]

   Dex:       It affects your dexterity (+6).
   Slay:      It affects your accuracy & damage with ranged weapons and melee
   (+3).
   rF:        It protects you from fire.
   rPois:     It protects you from poison.
 w - a +4 ring of protection (right hand)
Wands
 a - a wand of polymorph (9)
 v - a wand of digging (5)
 G - a wand of paralysis (5)
Scrolls
 c - a scroll of enchant weapon {unknown}
 d - 2 scrolls of fog {unknown}
 n - a scroll of magic mapping {unknown}
 o - a scroll of blinking
 r - 3 scrolls of immolation
 u - a scroll of poison {unknown}
 A - a scroll of silence
 E - 2 scrolls of amnesia {unknown}
 I - a scroll of enchant armour
 K - 3 scrolls of butterflies
Potions
 b - a potion of lignification
 e - a potion of mutation {unknown}
 f - a potion of curing
 i - a potion of berserk rage
 k - a potion of degeneration {unknown}
 m - 2 potions of attraction
 t - 3 potions of flight
 J - a potion of heal wounds
 L - a potion of haste
 M - a potion of might


   Skills:
 + Level 6.1 Fighting
 * Level 7.4 Maces & Flails
 * Level 15.3 Armour
 + Level 4.9 Dodging
 + Level 5.4 Stealth
 + Level 3.5 Shields


You had 10 spell levels left.
You didn't know any spells.
Your spell library was empty.

Dungeon Overview and Level Annotations

Branches:
Dungeon (10/15)            Temple (0/1) D:7            Lair (0/5) D:9
    Orc: D:9-12

Altars:
Cheibriados
Elyvilon
Kikubaaqudgha
Nemelex Xobeh
Ru
Sif Muna
Vehumet
Yredelemnul
Zin
The Shining One

Shops:
D:4 *   D:8 [   D:9 [

Annotations:
D:10 Fannar


Innate Abilities, Weirdness & Mutations

You are immune to sickness and miasma.
Your stone body is resilient. (AC +8)
You are immune to poison.
You resist negative energy. (rN+)
You are resistant to electric shocks. (rElec)
You are resistant to unholy torment.
You are immune to petrification.


Message History

There is an escape hatch in the floor here.
Fannar the Cold-Hearted comes into view.
They are wielding a staff of cold and wearing a +2 robe of cold resistance.
Fannar shouts!
Fannar hits you but does no damage. Fannar freezes you!
You thump Fannar!
Fannar is lightly wounded.
Fannar casts a spell.
Fannar drains the heat from the surrounding environment!
You sock Fannar!
Fannar is moderately wounded.
Fannar casts a spell.
Fannar hits you but does no damage. Fannar freezes you!
You miss Fannar.
Fannar is lightly wounded.
Fannar closely misses you.
You sock Fannar!
Fannar is moderately wounded.
Fannar casts a spell.
Fannar drains the heat from the surrounding environment!
You hit Fannar.
Fannar is moderately wounded.
You block Fannar's attack.
The ice beast hits you but does no damage.
You completely miss Fannar.
Fannar is moderately wounded.
Fannar hits you but does no damage. Fannar freezes you!
The ice beast hits you but does no damage.
You barely miss Fannar.
Fannar is moderately wounded.
Fannar hits you but does no damage. Fannar freezes you!
* * * LOW HITPOINT WARNING * * *
The ice beast hits you but does no damage.
A red film seems to cover your vision as you go berserk!
You feel yourself moving faster!
You feel mighty! Fannar hits you but does no damage. Fannar freezes you!
* * * LOW HITPOINT WARNING * * *
The ice beast hits you.
* * * LOW HITPOINT WARNING * * *
The ice beast freezes you.
You die...

#..####.# #..#..#.#
#.....#.#####
##..........#
#.>..#........#
###.####....##.#
#######....^#....[#
#...........#.......
#...Y@......#>....##.
#...e.....#.#.##### #
#.........#.#.
#.........#.#
#.........#.#
#.........#
###########


You could see Fannar and an ice beast (summoned).

Vanquished Creatures
  A two-headed ogre (D:9)
  A death yak (D:9)
  Pikel (D:7)
  An elephant (D:9)
  Maurice (D:8)
  A troll (D:10)
  A wraith (D:9)
  A vampire (D:6)
  4 yaks (D:9)
  A steam dragon (D:8)
  A water moccasin (D:7)
  2 ice beasts
  2 black bears (D:9)
  An orc warrior (D:9)
  An ogre (D:4)
  A centaur (D:9)
  A phantom (D:4)
  A bullfrog (D:4)
  4 scorpions
  6 wights
  15 killer bees
  A howler monkey (D:9)
  4 hounds
  2 jellies
  Crazy Yiuf (D:7)
  A gnoll bouda (D:6)
  2 orc priests
  5 iguanas
  5 orc wizards
  3 sleepcaps
  17 gnolls
  6 adders
  3 white imps
  3 worms
  3 dart slugs
  26 orcs
  3 ball pythons
  6 endoplasms
  2 giant cockroaches
  2 goblins (D:1)
  10 hobgoblins
  9 jackals
  5 kobolds
  6 quokkas
  4 bats
  A frilled lizard (D:2)
  6 rats
184 creatures vanquished.

Notes
Turn   | Place    | Note
-------+----------+-------------------------------------------
     0 | D:1      | KittyFluff the Gargoyle Berserker began the quest for the
                  | Orb.
     0 | D:1      | Reached XP level 1. HP: 14/14 MP: 1/1
   123 | D:1      | Reached XP level 2. HP: 11/19 MP: 2/2
   466 | D:1      | Reached skill level 1 in Stealth
   522 | D:1      | Reached XP level 3. HP: 23/23 MP: 3/3
   633 | D:2      | Identified the ring of the Ancients {rPois rF+ Dex+6
                  | Slay+3}
   729 | D:2      | Reached ** piety under Trog
   826 | D:2      | Reached skill level 3 in Armour
   952 | D:2      | Reached XP level 4. HP: 28/28 MP: 4/4
  1149 | D:2      | Found a white marble altar of Elyvilon.
  1550 | D:3      | Reached XP level 5. HP: 29/33 MP: 5/5
  2115 | D:4      | Reached skill level 4 in Armour
  2115 | D:4      | Reached XP level 6. HP: 33/38 MP: 6/6
  2336 | D:4      | Found Wnofegihy's Whimsical Warehouse.
  2522 | D:4      | Reached XP level 7. HP: 26/44 MP: 7/7
  2763 | D:4      | Reached skill level 5 in Maces & Flails
  2838 | D:4      | Reached skill level 5 in Armour
  2842 | D:4      | Found a basalt altar of Yredelemnul.
  2918 | D:5      | Entered Level 5 of the Dungeon
  2967 | D:5      | Reached *** piety under Trog
  3145 | D:5      | Reached skill level 14 in Armour
  3145 | D:5      | Reached XP level 8. HP: 48/48 MP: 8/8
  3574 | D:5      | Found a glowing silver altar of Zin.
  3748 | D:6      | Found a sacrificial altar of Ru.
  3754 | D:6      | Reached XP level 9. HP: 53/53 MP: 9/9
  4145 | D:6      | HP: 2/79 [something (4)]
  4526 | D:6      | Found a glowing golden altar of the Shining One.
  4569 | D:6      | Reached skill level 1 in Shields
  4722 | D:6      | Reached skill level 5 in Fighting
  5025 | D:7      | Noticed Pikel
  5089 | D:7      | Killed Pikel
  5189 | D:7      | Found a shimmering blue altar of Sif Muna.
  5335 | D:7      | Found a staircase to the Ecumenical Temple.
  5512 | D:7      | Found a runed translucent door.
  5513 | D:7      | Noticed Crazy Yiuf
  5522 | D:7      | Killed Crazy Yiuf
  5522 | D:7      | Reached **** piety under Trog
  6034 | D:8      | Reached XP level 10. HP: 59/59 MP: 10/10
  6191 | D:8      | Found an ancient bone altar of Kikubaaqudgha.
  6246 | D:8      | Found a snail-covered altar of Cheibriados.
  6254 | D:8      | You fall into a shaft and drop 1 floor!
  6601 | D:8      | Found Qaholl's Antique Armour Boutique.
  6616 | D:8      | Noticed Maurice
  7069 | D:8      | Found a radiant altar of Vehumet.
  7434 | D:8      | Killed Maurice
  7449 | D:8      | Bought a pair of transparent boots for 304 gold pieces
  7449 | D:8      | Identified the +1 pair of boots of Gehenna {Stlth+} (You
                  | bought it in a shop on level 8 of the Dungeon)
  7449 | D:8      | Bought a glowing robe for 118 gold pieces
  7485 | D:9      | Found Jungeuw's Antique Armour Shoppe.
  7511 | D:9      | Reached skill level 15 in Armour
  7579 | D:9      | Noticed a death yak
  7579 | D:9      | Noticed an elephant
  8020 | D:9      | Noticed a two-headed ogre
  8032 | D:9      | Killed a two-headed ogre
  8033 | D:9      | Reached skill level 5 in Stealth
  8090 | D:9      | Killed an elephant
  8194 | D:9      | Found a staircase to the Lair.
  8281 | D:9      | Killed a death yak
  8282 | D:9      | Reached XP level 11. HP: 56/64 MP: 11/11
  8330 | D:9      | Found a sparkling altar of Nemelex Xobeh.
  8424 | D:10     | Entered Level 10 of the Dungeon
  8528 | D:10     | Noticed Fannar
  8539 | D:10     | Slain by an ice beast

Illustrated notes

Levels and vault maps discovered:
D:1:      dpeg_arrival_boxorama, layout_rooms, minmay_heptomino_l4
D:2:      layout_basic, basic_altar
D:3:      layout_loops_ring
D:4:      layout_basic, marbit_many_paths, nicolae_alphabet_shops,
          minmay_diced_spiral
D:5:      layout_cave_pools, mainiacjoe_overflow_six_doors_small, minivault_25,
          feat_on_display
D:6:      layout_loops_ring, tso_metal_star, mainiacjoe_overflow_catwalk
D:7:      layout_gridville, nicolae_sif_muna_little_library,
          minmay_temple_entry_statues_pillars, uniq_crazy_yiuf_cottage,
          uniq_pikel
D:8:      layout_basic, nicolae_vehumet_altar_sigil,
          mainiacjoe_overflow_catch_the_wave, serial_shops, shop, uniq_maurice
D:9:      layout_basic, nemelex_altar_shiori, david_lair_generic,
          kennysheep_windowed_goal
D:10:     layout_basic, minivault_12, uniq_fannar, uniq_maggie

Skill      XL: |  1  2  3  4  5  6  7  8  9 10 |
---------------+-------------------------------+-----
Stealth        | 1 2 3 4 5 |  5.4
Armour         | 3 4 14 15 | 15.3
Dodging        | 2 3 4 |  4.9
Maces & Flails | 4 5 6 7 |  7.4
Fighting       | 4 5 6 |  6.1
Shields        | 2 3 |  3.5

Action                     |  1- 3 |  4- 6 |  7- 9 | 10-12 || total
---------------------------+-------+-------+-------+-------++-------
  Melee: Mace              |    80 |   139 |   298 |   154 ||   671
         Punch             |       |     2 |     2 |       ||     4
         Flail             |       |       |       |   100 ||   100
  Throw: Dart              |       |       |       |     1 ||     1
 Invoke: Berserk           |       |       |     2 |     1 ||     3
    Use: Scroll            |     2 |     4 |     4 |     5 ||    15
         Potion            |       |       |     3 |       ||     3
   Stab: Sleeping          |     1 |     1 |     4 |       ||     6
         Distracted        |       |       |     1 |       ||     1
 Armour: Leather armour    |    41 |    38 |    57 |       ||   136
         Ring mail         |       |       |    70 |       ||    70
         Chain mail        |       |       |    47 |   141 ||   188
  Dodge: Dodged            |    65 |    87 |   184 |   104 ||   440
  Block: Kite shield       |       |       |    68 |   104 ||   172
